 Dungeon Crawl Stone Soup version 0.29.0-4-gdea44cf6ec (webtiles) character file.

Game seed: 4017295965241517086

59 qw the Sneak (level 4, -11/28 HPs)
             Began as a Gargoyle Delver on Sept 10, 2022.
             Killed by divine providence
             ... invoked by an orc priest
              (15 damage)
             ... on level 5 of the Dungeon.
             The game lasted 00:00:04 (196 turns).

qw the Sneak (Gargoyle Delver)                       Turns: 196, Time: 00:00:05

Health: -11/28     AC:  6    Str: 17    XL:     4   Next: 3%
Magic:  4/4        EV: 11    Int: 11    God:
Gold:   16         SH:  0    Dex: 11    Spells: 3/3 levels left

rFire   . . .      SeeInvis .   a - +0 hand axe
rCold   . . .      Faith    .   (no shield)
rNeg    + . .      Spirit   .   b - +0 leather armour
rPois   inf        Reflect  .   (no helmet)
rElec   +          Harm     .   (no cloak)
rCorr   .          Rampage  .   (no gloves)
Will    .....                   (no boots)
Stlth   +++.......              (no amulet)
HPRegen 0.09/turn               (no ring)
MPRegen 0.09/turn               (no ring)

@: no status effects
A: sickness immunity, AC +3, negative energy resistance 1, electricity
resistance, torment resistance 1, petrification resistance
a: no special abilities


You were on level 5 of the Dungeon.
You visited 1 branch of the dungeon, and saw 1 of its levels.

You collected 16 gold pieces.


Innate Abilities, Weirdness & Mutations

You are immune to sickness and miasma.
Your stone body is resilient. (AC +3)
You are immune to poison.
You resist negative energy. (rN+)
You are resistant to electric shocks. (rElec)
You are resistant to unholy torment.
You are immune to petrification.


   Skills:
 - Level 3.2 Fighting
 + Level 3.8 Axes
 - Level 1.5 Dodging
 - Level 5.4 Stealth


You had 3 spell levels left.
You didn't know any spells.
Your spell library was empty.

Inventory:

Hand Weapons
 a - a +0 hand axe (weapon)
Armour
 b - a +0 leather armour (worn)
Wands
 g - a wand of digging (3)
Scrolls
 c - a scroll of fog
 d - a scroll of magic mapping
 e - a scroll of fear
 h - a scroll of identify {unknown}
Potions
 f - a potion of haste

Dungeon Overview and Level Annotations

Branches:
Dungeon (5/15)
 Temple: D:4-7

Altars:


Message History

You closely miss the necrophage.
The necrophage is almost destroyed.
The necrophage hits you.
You hit the necrophage but do no damage.
The necrophage is almost destroyed.
The necrophage hits you.
You hit the necrophage.
You destroy the necrophage!
Your Axes skill gained 2 levels and is now at level 3!
You have reached level 2!
You have reached level 3!
Your experience leads to an increase in your attributes!
Increase (S)trength, (I)ntelligence, or (D)exterity?
You feel stronger. x2; You have reached level 4!
You feel clever.
You start resting.
An orc priest comes into view. It is wielding a +0 club.
186 ||| Stepping ~*~*~tactically~*~*~ (stealth).
An orc priest comes into view. It is wielding a +0 flail.
187 ||| Stepping ~*~*~tactically~*~*~ (stealth).
You start resting.
An orc wizard comes into view. It is wielding a +0 dagger.
The orc priest shouts! x2
The orc priest calls down the wrath of Beogh upon you.
Pain shoots through your body!
The orc priest begins to cast a cantrip, but forgets the words!
You hit the orc priest.
The orc priest is moderately wounded.
The orc priest hits you but does no damage.
You hit the orc priest.
The orc priest is heavily wounded.
The orc priest misses you.
The orc priest hits you with a +0 flail.
You hit the orc priest.
The orc priest is heavily wounded.
The orc priest closely misses you.
You closely miss the orc priest.
The orc priest is heavily wounded.
The orc priest calls down the wrath of Beogh upon you.
Beogh smites you!
Ouch! That really hurt!
You die...

#o# #.# ... #.#
#.# #.#
####.####%#######
.....oo@.........
.....####.#######
### #.# #.# ##.##
##...## #.....#
#.:...# #.....#


You could see 2 orc priests.

Vanquished Creatures
  A necrophage (D:5)
1 creature vanquished.

Notes
Turn   | Place    | Note
-------+----------+-------------------------------------------
     0 | D:5      | qw the Gargoyle Delver began the quest for the Orb.
     0 | D:5      | Reached XP level 1. HP: 14/14 MP: 1/1
     0 | D:5      | 0 ||| qw: Version: 0.1-a-116-g5d60599
     0 | D:5      | 0 ||| qw: Game counter: 8040
     0 | D:5      | 0 ||| qw: Always use a shield: true
     0 | D:5      | 0 ||| qw: God list: Okawaru
     0 | D:5      | 0 ||| qw: Allow faded altars: false
     0 | D:5      | 0 ||| qw: Do Orc after D:15 true
     0 | D:5      | 0 ||| qw: Do second Lair branch before Depths: true
     0 | D:5      | 0 ||| qw: Lair rune preference: random
     0 | D:5      | 0 ||| qw: Plans: Normal
     0 | D:5      | 0 ||| PLANNING D:1-11
   107 | D:5      | Noticed a necrophage
   137 | D:5      | Killed a necrophage
   138 | D:5      | Reached skill level 3 in Axes
   138 | D:5      | Reached XP level 2. HP: 6/19 MP: 2/2
   138 | D:5      | Reached XP level 3. HP: 7/23 MP: 3/3
   138 | D:5      | Reached XP level 4. HP: 9/28 MP: 4/4
   186 | D:5      | 186 ||| Stepping ~*~*~tactically~*~*~ (stealth).
   187 | D:5      | 187 ||| Stepping ~*~*~tactically~*~*~ (stealth).
   191 | D:5      | HP: 7/28 [orc priest/nerve-wracking pain (7)]
   196 | D:5      | Killed from afar by an orc priest

Levels and vault maps discovered:
D:5:      layout_loops_ring, riverfiend_overflow_shadow_ancestor,
          mainiacjoe_overflow_concentric_impassable,
          mainiacjoe_overflow_alcove_2

Skill      XL: |  1 |
---------------+----+-----
Axes           | 3 |  3.8
Fighting       | |  3.2
Dodging        | |  1.5
Stealth        | |  5.4

Action                   |  1- 3 |  4- 6 || total
-------------------------+-------+-------++-------
Melee: Hand axe          |    22 |     4 ||    26
       Punch             |     1 |       ||     1
Armor: Leather armour    |     6 |     1 ||     7
Dodge: Dodged            |    14 |     2 ||    16

Table legend:
 A = Non-vault XP
 B = Vault XP
 C = Vault XP percentage of total XP
 D = Non-vault monster count
 E = Vault monster count
 F = Vault count percentage of total count
                 A         B        C        D         E       F
            +---------+---------+-------+---------+---------+-------
      Total |      85 |       0 |   0.0 |       1 |       0 |   0.0
            +---------+---------+-------+---------+---------+-------
        D:5 |      85 |       0 |   0.0 |       1 |       0 |   0.0
            +---------+---------+-------+---------+---------+-------
